 Dungeon Crawl Stone Soup version 0.28-a0-1130-gc51a68064b (webtiles) character file.

Game seed: 7609286782876005654

1936 porpoise the Thaumaturge (level 8, -2/43 HPs)
             Began as a Deep Elf Conjurer on Dec 12, 2021.
             Was a Follower of Vehumet.
             Engulfed by a steam dragon's steam (11 damage)
             ... on level 7 of the Dungeon on Dec 13, 2021.
             The game lasted 00:23:05 (8088 turns).

porpoise the Thaumaturge (Deep Elf Conjurer)        Turns: 8088, Time: 00:23:06

Health: -2/43      AC:  6    Str:  4    XL:     8   Next: 97%
Magic:  10/22      EV: 12    Int: 26    God:    Vehumet [*.....]
Gold:   242        SH:  0    Dex: 13    Spells: 12/23 levels left

rFire   . . .      SeeInvis +   b - +0 hunting sling
rCold   . . .      Faith    .   (no shield)
rNeg    . . .      Spirit   .   x - +2 robe "Yrchig" {Rampage rElec SInv}
rPois   .          Reflect  .   (no helmet)
rElec   +          Harm     .   (no cloak)
rCorr   .          Rampage  +   p - +1 pair of gloves
Will    +....                   (no boots)
Stlth   +++.......              (no amulet)
HPRegen 0.14/turn               G - ring of willpower
MPRegen 0.18/turn               (no ring)

@: no status effects
A: no striking features
a: Renounce Religion


You were on level 7 of the Dungeon.
You worshipped Vehumet.
Vehumet was aware of your devotion.
You visited 1 branch of the dungeon, and saw 7 of its levels.

You collected 242 gold pieces.

Inventory:

Hand Weapons
 a - a +0 whip of draining
 b - a +0 hunting sling (weapon)
 q - a +0 rapier of venom
Missiles
 d - 192 stones (quivered ammo)
 k - 51 sling bullets
 v - a poisoned dart
 w - a silver javelin
 E - a throwing net
Armour
 h - a +0 robe
 p - a +1 pair of gloves (worn)
 x - the +2 robe "Yrchig" (worn) {Rampage rElec SInv}
   (You found it on level 4 of the Dungeon)

   rElec:     It insulates you from electricity.
   SInv:      It lets you see invisible.
   Rampage:   It bestows one free step when moving towards enemies.
Jewellery
 G - a ring of willpower (left hand)
Wands
 c - a wand of mindburst (16)
 y - a wand of flame (25)
Scrolls
 o - a scroll of fear {unknown}
 s - a scroll of teleportation
 u - a scroll of magic mapping
 z - a scroll of vulnerability {unknown}
 A - a scroll of enchant armour
 B - 2 scrolls of immolation
 D - a scroll of noise {unknown}
 F - a scroll of blinking
Potions
 e - 4 potions of flight
 f - 2 potions of might
 g - a potion of haste
 i - a potion of lignification {unknown}
 j - 4 potions of attraction
 m - a potion of invisibility {unknown}
 n - 2 potions of curing
 r - 2 potions of resistance
 t - a potion of mutation {unknown}
 C - 2 potions of magic


   Skills:
 * Level 1.4 Fighting
 - Level 2.4 Dodging
 + Level 6.4 Stealth
 * Level 8.1 Spellcasting
 - Level 7.0 Conjurations
 - Level 7.0 Hexes
 - Level 5.0 Translocations


You had 12 spell levels left.
You knew the following spells:

 Your Spells              Type           Power      Damage    Failure   Level
a - Magic Dart            Conj           100%       1d8       1%          1
b - Searing Ray           Conj           92%        2d7       1%          2
c - Fulminant Prism       Conj/Hex       23%        3d13      3%          4
d - Iskenderun's Mystic   Conj/Tloc      41%        2d9       4%          4

Your spell library contained the following spells:

 Spells                   Type           Power      Damage    Failure   Level
 Shock                    Conj/Air       100%       1d9       1%          1
 Dazzling Flash           Conj/Hex       92%        N/A       1%          3
 Sting                    Tmut/Pois      40%        1d5       5%          1
 Poisonous Vapours        Pois/Air       20%        N/A       9%          2
 Spider Form              Tmut/Pois      10%        N/A       17%         3
 Olgreb's Toxic Radiance  Pois           10%        N/A       50%         4


Dungeon Overview and Level Annotations

Branches:
Dungeon (7/15)
 Temple: D:4-7

Altars:
Fedhas
Kikubaaqudgha
Qazlal
Vehumet
Yredelemnul

Shops:
D:3 (   D:4 (


Message History

The steam dragon is moderately wounded.
The blast of energy engulfs your wight!
Your wight is almost destroyed.
Your wight dissolves into shadows!
Casting: Fulminant Prism (dangerous; 3% risk of failure)
Confirm with . or Enter, or press ? or * to list all spells.
Aiming: Searing Ray (safe; 1% risk of failure)
Press: ? - help, Shift-Dir - straight line, f - sky beast
Aim: a sky beast (steam, moderately wounded, slightly transparent, 75% to hit)
The searing ray hits the sky beast!
The sky beast is severely wounded. (Press . to maintain the ray.)
The sky beast is engulfed in a cloud of scalding steam.
The searing ray hits the sky beast.
The sky beast is almost dead.
The searing ray misses the steam dragon.
The sky beast is engulfed in a cloud of scalding steam.
The sky beast dies!
The steam dragon breathes steam at you. The ball of steam hits you.
The searing ray misses the steam dragon.
You are engulfed in a cloud of scalding steam.
Your wight is engulfed in a cloud of scalding steam.
The searing ray misses the steam dragon.
You finish channelling your searing ray.
You are engulfed in a cloud of scalding steam.
* * * LOW HITPOINT WARNING * * *
Your wight completely misses the steam dragon.
Casting: Searing Ray (safe; 1% risk of failure)
Confirm with . or Enter, or press ? or * to list all spells.
Really blast near your wight?
You erupt in a blast of force!
The mystic blast hits your wight!
Your wight is severely damaged.
Your wight is knocked back by the mystic blast.
Your wight slams into the rock wall!
The mystic blast hits the steam dragon!
The steam dragon is almost dead.
The steam dragon is knocked back by the mystic blast.
Your wight dissolves into shadows!
You are engulfed in a cloud of scalding steam.
You die...

#.....#..#
#..####..#
########......<.#
#......Z#.......#
#.....J.#.......#
#...(.5.#.......#
#.......##+###..#
#............#..#
#..§>@.†D....#..#
#............#..#
#............
#............
########.....
..... ...<. ....


You could see a steam dragon (ally target), a friendly jelly (summoned), a
friendly white imp (summoned) and a friendly water moccasin zombie (summoned).

Vanquished Creatures
  Prince Ribbit (D:6)
  A water moccasin (D:6)
  A black bear (D:5)
  A sky beast (D:6)
  A necrophage (D:6)
  5 ogres
  A centaur (D:5)
  3 scorpions
  A bullfrog (D:6)
  A jelly (D:4)
  A centaur zombie (D:6)
  A bullfrog zombie (D:6)
  3 hounds
  A bullfrog skeleton (D:5)
  An iguana (D:6)
  Natasha (thrice) (D:2)
  A hound skeleton (D:4)
  7 gnolls
  7 adders
  An adder skeleton (D:4)
  2 worms
  4 dart slugs
  12 orcs
  7 endoplasms
  4 giant cockroaches
  5 goblins (D:3)
  4 hobgoblins
  2 jackals (D:3)
  8 kobolds
  3 quokkas
  12 ball pythons
  3 bats
  9 frilled lizards
  7 rats
124 creatures vanquished.

Vanquished Creatures (others)
  A sky beast (D:7)
  11 fulminant prisms
  A plant (D:4)
  3 withered plants (D:4)
16 creatures vanquished.

Grand Total: 140 creatures vanquished

Notes
Turn   | Place    | Note
-------+----------+-------------------------------------------
     0 | D:1      | porpoise the Deep Elf Conjurer began the quest for the Orb.
     0 | D:1      | Reached XP level 1. HP: 10/10 MP: 6/6
    25 | D:1      | Found a basalt altar of Yredelemnul.
   246 | D:1      | Reached XP level 2. HP: 15/15 MP: 2/8
   462 | D:1      | Reached skill level 5 in Conjurations
   603 | D:1      | Found a faded altar of an unknown god.
   966 | D:1      | Learned a level 2 spell: Searing Ray
  1159 | D:2      | Reached XP level 3. HP: 19/19 MP: 5/9
  1414 | D:2      | Reached XP level 4. HP: 24/24 MP: 1/11
  1733 | D:2      | Reached skill level 4 in Spellcasting
  1803 | D:2      | Noticed Natasha
  1805 | D:2      | Killed Natasha
  1918 | D:2      | Noticed Natasha
  1927 | D:2      | Killed Natasha
  1928 | D:2      | Reached XP level 5. HP: 28/28 MP: 9/13
  2316 | D:2      | Noticed Natasha
  2320 | D:2      | Killed Natasha
  2875 | D:3      | Found Janisas's Weapon Shop.
  3517 | D:3      | Learned a level 4 spell: Fulminant Prism
  3522 | D:3      | Learned a level 4 spell: Iskenderun's Mystic Blast
  3812 | D:3      | Found a radiant altar of Vehumet.
  3812 | D:3      | Found a stormy altar of Qazlal.
  3819 | D:3      | Became a worshipper of Vehumet
  3923 | D:4      | Reached skill level 5 in Spellcasting
  3923 | D:4      | Reached skill level 1 in Hexes
  4130 | D:4      | Noticed an ogre
  4133 | D:4      | Killed an ogre
  4134 | D:4      | Reached XP level 6. HP: 32/32 MP: 8/16
  4556 | D:4      | Reached skill level 6 in Spellcasting
  4645 | D:4      | Reached XP level 7. HP: 36/36 MP: 11/18
  4841 | D:4      | Found Mecaor's Firing Range.
  4902 | D:4      | Identified the +2 robe "Yrchig" {Rampage rElec SInv}
  5231 | D:4      | Found a blossoming altar of Fedhas.
  5235 | D:4      | Found an ancient bone altar of Kikubaaqudgha.
  5275 | D:5      | Entered Level 5 of the Dungeon
  5807 | D:5      | Reached skill level 7 in Spellcasting
  5949 | D:5      | Reached skill level 5 in Hexes
  5983 | D:5      | Reached skill level 1 in Translocations
  6329 | D:5      | Reached XP level 8. HP: 41/41 MP: 12/20
  6617 | D:5      | Reached skill level 5 in Stealth
  6647 | D:5      | Reached * piety under Vehumet
  6647 | D:5      | Offered knowledge of Shock by Vehumet.
  7220 | D:6      | Noticed Prince Ribbit
  7225 | D:6      | Killed Prince Ribbit
  7374 | D:6      | Reached skill level 5 in Translocations
  7427 | D:6      | Found Mediwe's Antique Weapon Boutique.
  7712 | D:6      | Reached skill level 1 in Fighting
  7927 | D:6      | Reached skill level 8 in Spellcasting
  8070 | D:7      | Got Sif Muna's Grimoire of Intoxication
  8088 | D:7      | Engulfed by a steam dragon's steam

Illustrated notes

Levels and vault maps discovered:
D:1:      sevenhm_arrival_forest_fort_small_6, layout_basic,
          shapermc_ecumenical_altar_flowoftime, serial_glass, glass_columns_a,
          glass_columns_c
D:2:      layout_basic, uniq_natasha
D:3:      corexii_shack_village, layout_loops_ring,
          gammafunk_temple_overflow_statue, serial_shops, shop
D:4:      layout_gridville, grunt_temple_overflow_growth_and_decay,
          nicolae_shop_firing_range
D:5:      layout_cave_pods, chequers_decorated_corner
D:6:      layout_loops_ring, serial_shops,
          nicolae_shop_competitors_out_of_business, minmay_misc_feat_encased,
          minivault_19, uniq_prince_ribbit1
D:7:      layout_gridville, minmay_temple_entry_antechambers, minmay_hedge_maze,
          moated_statue, uniq_pikel

Skill      XL: |  1  2  3  4  5  6  7  8 |
---------------+-------------------------+-----
Conjurations   | 5 6 7 |  7.0
Spellcasting   | 4 5 6 7 8 |  8.1
Hexes          | 2 3 5 7 |  7.0
Stealth        | 3 4 6 |  6.4
Translocations | 2 5 |  5.0
Fighting       | 1 |  1.4
Dodging        | |  2.4

Action                   |  1- 3 |  4- 6 |  7- 9 || total
-------------------------+-------+-------+-------++-------
Melee: Short sword       |     1 |       |       ||     1
 Fire: Hunting sling     |       |       |    17 ||    17
 Cast: Magic Dart        |    42 |    36 |     6 ||    84
       Searing Ray       |     4 |    28 |    32 ||    64
       Fulminant Prism   |       |     3 |     8 ||    11
       Iskenderun's Myst |       |       |     1 ||     1
  Use: Scroll            |       |     6 |     7 ||    13
Armor: Robe              |       |     1 |     9 ||    10
Dodge: Dodged            |       |     5 |     7 ||    12

Table legend: (Time is in decaauts)
 A = Elapsed time spent in this place.
 B = Non-inter-level travel time spent in this place.
 C = Inter-level travel time spent in this place.
 D = Time resting spent in this place.
 E = Time spent auto-exploring this place.
 F = Levels seen in this place.
 G = Mean time per level.
                   A        B        C        D        E       F      G
               +--------+--------+--------+--------+--------+-----+--------+
         Total |   8098 |   7805 |    293 |   3701 |   3211 |   7 | 1156.9 |
       Dungeon |   8098 |   7805 |    293 |   3701 |   3211 |   7 | 1156.9 |
               +--------+--------+--------+--------+--------+-----+--------+

Top non-repeatable levels by time:
     D:5: 1724 daAuts
     D:3: 1422 daAuts
     D:4: 1405 daAuts
     D:2: 1381 daAuts
     D:1: 1073 daAuts
     D:6: 1063 daAuts
     D:7: 27 daAuts
